 Dungeon Crawl Stone Soup version 0.29-a0-577-gafbf2c5d25 (webtiles) character file.

Game seed: 1016696647557252895

146 avis the Shooter (level 4, -1/36 HPs)
             Began as a Demigod Hunter on June 14, 2022.
             Slain by Natasha (4 damage)
             ... on level 3 of the Dungeon.
             The game lasted 00:11:15 (2483 turns).

avis the Shooter (Demigod Hunter)                   Turns: 2483, Time: 00:11:16

Health: -1/36      AC:  4    Str: 12    XL:     4   Next: 79%
Magic:  6/6        EV: 12    Int: 11    God:
Gold:   126        SH:  0    Dex: 21    Spells: 3/3 levels left

rFire   . . .      SeeInvis .   b - +0 dagger (drain)
rCold   . . .      Faith    .   (no shield)
rNeg    . . .      Spirit   .   j - +0 leather armour
rPois   .          Reflect  .   (no helmet)
rElec   .          Harm     .   (no cloak)
rCorr   .          Rampage  .   (no gloves)
Will    .....                   r - +0 pair of boots
Stlth   ++........              (no amulet)
HPRegen 0.12/turn               (no ring)
MPRegen 0.10/turn               (no ring)

@: flying
A: high MP 1, forlorn, divine attributes
a: no special abilities


You were on level 3 of the Dungeon.
You visited 1 branch of the dungeon, and saw 3 of its levels.

You collected 126 gold pieces.

Inventory:

Hand Weapons
 a - a +1 shortbow
 b - a +0 dagger of draining (weapon)
 f - a +0 hunting sling
Missiles
 d - 9 poisoned darts
 k - 4 boomerangs (quivered)
 x - 3 boomerangs of dispersal
Armour
 i - a +2 buckler
 j - a +0 leather armour (worn)
 r - a +0 pair of boots (worn)
Jewellery
 l - a ring of ice
 s - an amulet of faith
Scrolls
 c - a scroll of immolation
 g - 2 scrolls of teleportation {unknown}
 h - a scroll of blinking {unknown}
 o - 4 scrolls of vulnerability {unknown}
 q - a scroll of fear {unknown}
 u - a scroll of fog {unknown}
Potions
 e - a potion of magic {unknown}
 m - a potion of curing {unknown}
 n - a potion of brilliance {unknown}
 p - a potion of flight
 t - a potion of berserk rage {unknown}
 v - a potion of heal wounds {unknown}
 w - a potion of might {unknown}


   Skills:
 - Level 2.0 Fighting
 * Level 5.5 Bows
 - Level 1.7 Dodging
 + Level 1.7 Stealth


You had 3 spell levels left.
You didn't know any spells.
Your spell library was empty.

Dungeon Overview and Level Annotations

Branches:
Dungeon (3/15)

Annotations:
D:3 Natasha


Innate Abilities, Weirdness & Mutations

You have an increased reservoir of magic. (+10% MP)
You shall have no god before yourself.
Your divine heritage dramatically boosts your attributes as you level up.


Message History

You shoot an arrow.
Shoot: a) +1 shortbow
Press: ? - help, Q - select action, (/) - cycle Shift-Dir - straight line You shoot an arrow.
A magic dart appears from out of thin air!
The magic dart hits you.
Shoot: a) +1 shortbow
Press: ? - help, Q - select action, (/) - cycle Shift-Dir - straight line You shoot an arrow.
Shoot: a) +1 shortbow
Press: ? - help, Q - select action, (/) - cycle Shift-Dir - straight line You shoot an arrow.
Something claws you! Something claws you.
Shoot: a) +1 shortbow
Press: ? - help, Q - select action, (/) - cycle Shift-Dir - straight line You shoot an arrow.
Something claws you.
Shoot: a) +1 shortbow
Press: ? - help, Q - select action, (/) - cycle Shift-Dir - straight line You shoot an arrow.
Something claws you but does no damage. Something claws you.
You sense an unholy aura.
b - a +0 dagger of draining (weapon)
You miss something. Something claws you.
* * * LOW HITPOINT WARNING * * *
You closely miss something. Something claws you but does no damage.
You hit something but do no damage.
You hear some strange, mumbled words.
Something tries to affect you, but you resist.
You hit something. Something completely misses you.
You miss something. Something claws you but does no damage.
You barely miss something. Something claws you.
* * * LOW HITPOINT WARNING * * *
You hit something but do no damage. Something claws you.
* * * LOW HITPOINT WARNING * * *
It was a potion of flight.
You feel very buoyant.
You fly up into the air.
Something claws you.
You die...

#.# #...# ##......# #... #.#
#...# #..÷....# #... #.#######
#...#####.##<##.# #.##
#.......#####......#.##.##.###...
..####.....#######.#.##........##
#.#.†..###.# #.#.#####.###...
#.#.#..# #.#######.#..>....# #.##
#.#....###.....##.......÷..# #...
#.##...........{@....##.##.# ####
#..............##....##.##.#
#.#####....##.######.##.##.# ..#
#...###.### #.......# ..#
#.#.#.....# ####.#### .8##
#.#.#.....# #####.##
...####.#.#.....# #......#
..........#.....# #.###..#
....##.####.....# #.###..#


There were no monsters in sight!

Vanquished Creatures
  Terence (D:2)
  Natasha (D:3)
  2 adders (D:3)
  A worm (D:1)
  A dart slug (D:3)
  3 orcs (D:3)
  9 ball pythons
  8 endoplasms
  3 giant cockroaches (D:1)
  4 goblins
  9 hobgoblins
  5 quokkas
  2 frilled lizards
  7 kobolds
  11 rats
67 creatures vanquished.

Notes
Turn   | Place    | Note
-------+----------+-------------------------------------------
     0 | D:1      | avis the Demigod Hunter began the quest for the Orb.
     0 | D:1      | Reached XP level 1. HP: 17/17 MP: 3/3
    87 | D:1      | Reached skill level 4 in Bows
   143 | D:1      | Reached XP level 2. HP: 24/24 MP: 4/4
   978 | D:1      | Reached XP level 3. HP: 29/29 MP: 5/5
  1262 | D:2      | Reached skill level 1 in Stealth
  1316 | D:2      | Noticed Terence
  1321 | D:2      | Killed Terence
  1322 | D:2      | Reached skill level 5 in Bows
  1676 | D:3      | Reached XP level 4. HP: 35/36 MP: 6/6
  2298 | D:3      | Noticed Natasha
  2302 | D:3      | Killed Natasha
  2465 | D:3      | Noticed Natasha
  2483 | D:3      | Slain by Natasha

Illustrated notes

Levels and vault maps discovered:
D:1:      wander_arrival_chamber, layout_basic,
          shapermc_ecumenical_altar_acropolis, st_stairs_3, patterned_corridor
D:2:      layout_loops_ring, uniq_terence
D:3:      layout_loops_cross, bloody_makhleb, grunt_ministairs_1, uniq_natasha

Skill      XL: |  1  2  3 |
---------------+----------+-----
Bows           | 4 5 |  5.5
Fighting       | 2 |  2.0
Stealth        | 1 |  1.7
Dodging        | |  1.7

Action                   |  1- 3 |  4- 6 || total
-------------------------+-------+-------++-------
Melee: Dagger            |       |     9 ||     9
 Fire: Shortbow          |   106 |    47 ||   153
Throw: Dart              |     3 |       ||     3
  Use: Potion            |       |     1 ||     1
 Stab: Sleeping          |       |     1 ||     1
Armor: Leather armour    |     6 |     5 ||    11
Dodge: Dodged            |    22 |     5 ||    27

Table legend: (Time is in decaauts)
 A = Elapsed time spent in this place.
 B = Non-inter-level travel time spent in this place.
 C = Inter-level travel time spent in this place.
 D = Time resting spent in this place.
 E = Time spent auto-exploring this place.
 F = Levels seen in this place.
 G = Mean time per level.
                   A        B        C        D        E       F      G
               +--------+--------+--------+--------+--------+-----+--------+
         Total |   2531 |   2385 |    146 |    388 |   1480 |   3 |  843.7 |
       Dungeon |   2531 |   2385 |    146 |    388 |   1480 |   3 |  843.7 |
               +--------+--------+--------+--------+--------+-----+--------+

Top non-repeatable levels by time:
     D:1: 987 daAuts
     D:2: 898 daAuts
     D:3: 645 daAuts
